 Dungeon Crawl Stone Soup version 0.18-a0-971-g0af6217 (webtiles) character file.

69 JustSomeDude the Insei (level 4, -5/42 HPs)
             Began as a Naga Monk on Jan 2, 2016.
             Slain by Sigmund
             ... wielding a +0 scythe
              (11 damage)
             ... on level 3 of the Dungeon.
             The game lasted 00:05:34 (2174 turns).

JustSomeDude the Insei (Naga Monk)                  Turns: 2174, Time: 00:05:34

Health: -5/42      AC:  5    Str: 13    XL:     4   Next: 20%
Magic:  4/4        EV:  4    Int: 11    God:
Gold:   111        SH:  0    Dex: 14    Spells: 0 memorised, 3 levels left

rFire  . . .     SeeInvis +     p - +3 mace
rCold  . . .     Gourm    .     i - +0 chain mail
rNeg   . . .     Faith    .     (no shield)
rPois  +         Spirit   .     (no helmet)
rElec  .         Dismiss  .     (no cloak)
rCorr  .         Reflect  .     (no gloves)
SustAt .         Harm     .     (no barding)
MR     .....                    (no amulet)
Stlth  ..........               (no ring)
                                (no ring)

@: confused, very slow, not resistant to hostile enchantments, extremely
unstealthy
A: see invisible, deformed body, poison resistance, slowness 2, slow metabolism
1, spit poison 2, AC +1
a: Spit Poison


You were on level 3 of the Dungeon.
You were hungry.

You visited 1 branch of the dungeon, and saw 3 of its levels.

You collected 111 gold pieces.

Inventory:

Hand Weapons
 p - a +3 mace (weapon)
Armour
 i - a +0 chain mail (worn)
Scrolls
 c - a scroll of fog {unknown}
 f - a scroll of immolation {unknown}
 g - 2 scrolls of teleportation {unknown}
 j - 4 scrolls of identify
 l - a scroll of noise {unknown}
 m - 3 scrolls of remove curse {unknown}
 n - a scroll of recharging {unknown}
Potions
 d - a potion of haste {unknown}
 h - 3 potions of might {unknown}
 k - a potion of ambrosia {unknown}
Comestibles
 a - a meat ration
 b - a bread ration
 o - 3 fruits


   Skills:
 + Level 3.4 Fighting
 + Level 1.0 Armour
 + Level 2.7 Dodging
 + Level 3.4 Stealth
 + Level 4.7 Unarmed Combat


You had 3 spell levels left.
You didn't know any spells.

Dungeon Overview and Level Annotations

Branches:
Dungeon (3/15)

Altars:
Ashenzari
Dithmenos

Annotations:
D:3 Sigmund


Innate Abilities, Weirdness & Mutations

You cannot wear boots.
Your serpentine skin is tough (AC +1).
You have supernaturally acute eyesight.
Armour fits poorly on your strangely shaped body.
Your system is resistant to poisons.
You cover ground very slowly.
You have a slow metabolism.
You can spit poison.


Message History

Sigmund barely misses you.
You're too confused to move!
You bump into the rock wall.
Sigmund zaps a wand.
Your will is overpowered!
You are more confused.
You hit Sigmund.
Sigmund is heavily wounded.
Sigmund drinks a potion.
Sigmund is healed!
Sigmund gestures at you while chanting. The magic dart hits you!
You closely miss Sigmund.
Sigmund breathes a few words.
Sigmund's hands start flickering wildly.
Sigmund hits you with a scythe.
* * * LOW HITPOINT WARNING * * *
You bump into the rock wall.
Sigmund casts a spell at you. The magic dart hits you!
* * * LOW HITPOINT WARNING * * *
You bump into the rock wall.
Sigmund hits you with a scythe!
You die...

.......##.#
.#.#.#.##.# ####
.......##.#.. ..#
.#.#.#.##.#.# #.#
.......##.#.####.#
.#>#.#.##.....##.#
............#.##.#
###...####..#.##.#
...............@@#
......#.......####
##<...#.##.####
........##.#
#.......)..#
#.....####.#
...........#
##...######....@g.
#...ยง .##....


You could see Sigmund (invisible).

Vanquished Creatures
  2 adders (D:2)
  An ooze (D:1)
  2 giant geckos (D:2)
  An orc (D:3)
  4 bats (D:1)
  A giant cockroach (D:2)
  10 hobgoblins
  2 jackals (D:1)
  A ball python (D:1)
  5 giant newts
  3 goblins
  4 kobolds
  8 rats
44 creatures vanquished.

Notes
Turn   | Place    | Note
--------------------------------------------------------------
     0 | D:1      | JustSomeDude the Naga Monk began the quest for the Orb.
     0 | D:1      | Reached XP level 1. HP: 21/21 MP: 1/1
   295 | D:1      | Reached XP level 2. HP: 26/28 MP: 2/2
   996 | D:2      | Reached XP level 3. HP: 34/34 MP: 3/3
  1079 | D:2      | Found a shattered altar of Ashenzari.
  1505 | D:2      | Reached skill level 1 in Armour
  1505 | D:2      | Reached XP level 4. HP: 25/42 MP: 4/4
  2130 | D:3      | Found a shadowy altar of Dithmenos.
  2143 | D:3      | Noticed Sigmund
  2174 | D:3      | Slain by Sigmund

Vault maps used:
D:1:      sevenhm_arrival_forest_fort_small_3
D:2:      lemuel_coloured_pillars_altar, minmay_crystal_room
D:3:      st_stairs_8, grunt_dithmenos_smoke, uniq_sigmund

Action                   |  1- 3 |  4- 6 || total
-------------------------+-------+-------++-------
Melee: Unarmed           |   169 |    15 ||   184
       Mace              |       |     6 ||     6
Throw: Throwing net      |       |     1 ||     1
  Use: Scroll            |       |     1 ||     1
 Stab: Sleeping          |     1 |       ||     1
  Eat: Chunk             |       |     2 ||     2
